 Dungeon Crawl Stone Soup version 0.21-a0-286-g6fcecc0 (webtiles) character file.

5 Hasart the Grasshopper (level 1, 0/16 HPs)
             Began as a Demonspawn Warper on Mar 29, 2017.
             Slain by a goblin
             ... wielding a +0 club
              (6 damage)
             ... on level 2 of the Dungeon on Sept 27, 2017.
             The game lasted 00:02:17 (367 turns).

Hasart the Grasshopper (Demonspawn Warper)           Turns: 367, Time: 00:02:18

Health: 0/16       AC:  3    Str: 11    XL:     1   Next: 66%
Magic:  3/3        EV: 12    Int: 14    God:
Gold:   18         SH:  0    Dex: 12    Spells: 4/4 levels left

rFire    . . .     SeeInvis .   a - +0 mace
rCold    . . .     Gourm    .   (no shield)
rNeg     . . .     Faith    .   b - +0 leather armour
rPois    .         Spirit   .   (no helmet)
rElec    .         Reflect  .   (no cloak)
rCorr    .         Harm     .   (no gloves)
MR       .....                  (no boots)
Stlth    +.........             (no amulet)
HPRegen  0.05/turn              (no ring)
MPRegen  0.08/turn              (no ring)

@: no status effects
A: no striking features
a: no special abilities


You were on level 2 of the Dungeon.
You were not hungry.

You visited 1 branch of the dungeon, and saw 2 of its levels.

You collected 18 gold pieces.

Inventory:

Hand Weapons
 a - a +0 mace (weapon)
Missiles
 e - 5 tomahawks of dispersal (quivered)
Armour
 b - a +0 leather armour (worn)
Scrolls
 d - a scroll of blinking
Potions
 g - a potion of brilliance {unknown}
Books
 c - a book of Spatial Translocations

   Spells                             Type                      Level
   a - Blink                          Translocation                2
   b - Shroud of Golubria             Charms/Translocation         2
   c - Lesser Beckoning               Translocation                3
   d - Gell's Gravitas                Translocation                3
   e - Teleport Other                 Translocation                3
   f - Passage of Golubria            Translocation                4
Comestibles
 f - 2 bread rations
 h - 4 fruits


   Skills:
 + Level 2.0 Fighting
 * Level 2.0 Maces & Flails
 - Level 0.8 Throwing
 + Level 1.1 Armour
 + Level 1.9 Dodging
 - Level 2.0 Spellcasting
   Level 2.6 Translocations


You had 4 spell levels left.
You didn't know any spells.

Dungeon Overview and Level Annotations

Branches:
Dungeon (2/15)

Altars:


Message History

The goblin closely misses you. The goblin hits you but does no damage.
The goblin hits you with an uncursed club.
The goblin barely misses you. The goblin barely misses you.
The goblin barely misses you. The goblin barely misses you.
The goblin hits you with an uncursed club.
The goblin barely misses you. The goblin hits you but does no damage.
The goblin hits you but does no damage. The goblin hits you but does no damage.
The goblin closely misses you. The goblin barely misses you.
The goblin closely misses you. The goblin hits you but does no damage.
The goblin hits you with an uncursed club.
The goblin hits you but does no damage.
The goblin hits you with an uncursed club.
You die...

###########
#.........#
#.........#
#.........#
#.........#
#.........#
#..g......#
#..@......#
#####.........#
#....(........#
#........(....#
#....#...###...
#?...#...... =.
#....#....... .
#....##......
#....# .....(


You could see a goblin.

Vanquished Creatures
  3 hobgoblins (D:1)
  A goblin (D:1)
  A rat (D:2)
5 creatures vanquished.

Vanquished Creatures (others)
  5 toadstools (D:1)
5 creatures vanquished.

Grand Total: 10 creatures vanquished

Notes
Turn   | Place    | Note
-------+----------+-------------------------------------------
     0 | D:1      | Hasart the Demonspawn Warper began the quest for the Orb.
     0 | D:1      | Reached XP level 1. HP: 16/16 MP: 3/3
   261 | D:1      | Reached skill level 1 in Armour
   293 | D:1      | Upgraded the game from 0.20-a0-927-g1ae2c61 to 0.21-a0-286-g6fcecc0
   367 | D:2      | Slain by a goblin

Vault maps used:
D:1:      ldierk_walled_garden, supply_closet_lemuel, serial_bayou_pond_e,
          hangedman_decor_push, kennysheep_minor_cross, minivault_26
D:2:      kennysheep_big_flooded_room, lightli_corner_chamber

Skill      XL: |  1 |
---------------+----+-----
Maces & Flails | 2 |  2.0
Armour         | 1 |  1.1
Fighting       | |  2.0
Throwing       | |  0.8
Dodging        | |  1.9
Spellcasting   | |  2.0
Translocations | |  2.6

Action                   || total
-------------------------++-------
Melee: Mace              ||    15
Armor: Leather armour    ||    14
Dodge: Dodged            ||    34

Table legend:
 A = Spawn XP
 B = Non-spawn XP
 C = Spawn XP percentage of total XP
 D = Spawn monster count
 E = Non-spawn monster count
 F = Spawn count percentage of total count
 G = Total turns spent on level
                    A         B        C        D         E        F      G
               +---------+---------+-------+---------+---------+-------+---------
         Total |       0 |       1 |   0.0 |       0 |       1 |   0.0 |    74
               +---------+---------+-------+---------+---------+-------+---------
           D:2 |       0 |       1 |   0.0 |       0 |       1 |   0.0 |    69
               +---------+---------+-------+---------+---------+-------+---------
